 Dungeon Crawl Stone Soup version 0.29-a0-422-gafbd6decc1 (webtiles) character file.

Game seed: 13891503742353778574

1438 quokkamancerX the Cleaver (level 8, 0/64 HPs)
             Began as a Hill Orc Fighter on May 19, 2022.
             Was a Follower of the Shining One.
             Slain by a gnoll
             ... wielding a +0 halberd
             ... led by a gnoll sergeant
              (11 damage)
             ... on level 5 of the Dungeon.
             The game lasted 00:19:44 (6193 turns).

quokkamancerX the Cleaver (Hill Orc Fighter)        Turns: 6193, Time: 00:19:45

Health: 0/64       AC: 14    Str: 21    XL:     8   Next: 74%
Magic:  8/8        EV:  7    Int:  8    God:    the Shining One [*.....]
Gold:   192        SH:  4    Dex: 10    Spells: 7/7 levels left

rFire   . . .      SeeInvis +   a - +0 war axe (flame)
rCold   + . .      Faith    .   c - +0 buckler
rNeg    . . .      Spirit   .   x - +2 chain mail {rC+}
rPois   .          Reflect  .   y - +1 hat
rElec   .          Harm     .   A - +0 cloak
rCorr   .          Rampage  .   (no gloves)
Will    .....                   o - +0 pair of boots
Stlth   ..........              (no amulet)
HPRegen 0.20/turn               b - ring of see invisible
MPRegen 0.11/turn               (no ring)

@: mighty, glowing, studying Transmutations
A: no striking features
a: Renounce Religion, Divine Shield


You were on level 5 of the Dungeon.
You worshipped the Shining One.
The Shining One was aware of your devotion.
You visited 1 branch of the dungeon, and saw 5 of its levels.

You collected 192 gold pieces.

Inventory:

Hand Weapons
 a - a +0 war axe of flaming (weapon)
Missiles
 e - 8 silver javelins (quivered)
 u - a throwing net
Armour
 c - a +0 buckler (worn)
 o - a +0 pair of boots (worn)
 x - a +2 chain mail of cold resistance (worn)
 y - a +1 hat (worn)
 A - a +0 cloak (worn)
Jewellery
 b - a ring of see invisible (left hand)
Wands
 d - a wand of flame (17)
 B - a wand of iceblast (8)
Scrolls
 f - a scroll of enchant armour {unknown}
 i - a scroll of blinking {unknown}
 l - a scroll of vulnerability
 n - a scroll of brand weapon
 p - a scroll of enchant weapon {unknown}
 q - a scroll of teleportation
 t - a scroll of poison {unknown}
 v - a scroll of summoning
 w - a scroll of amnesia {unknown}
Potions
 g - a potion of flight {unknown}
 h - 5 potions of curing
 j - a potion of ambrosia {unknown}
 k - a potion of attraction {unknown}
 m - 2 potions of brilliance
 r - a potion of heal wounds
 s - a potion of invisibility {unknown}
 z - a potion of resistance {unknown}


   Skills:
 - Level 3.6 Fighting
 + Level 13.7 Axes
 - Level 3.2 Armour
 - Level 3.2 Shields


You had 7 spell levels left.
You didn't know any spells.
Your spell library contained the following spells:

 Spells                   Type           Power      Damage    Failure   Level
 Apportation              Tloc           0%         N/A       99%         1
 Alistair's Intoxication  Tmut/Pois      0%         N/A       100%        5


Dungeon Overview and Level Annotations

Branches:
Dungeon (5/15)
 Temple: D:4-7

Altars:
Cheibriados
Xom
The Shining One


Message History

You block the gnoll sergeant's attack.
You slice the gnoll!! You burn the gnoll.
You kill the gnoll!
The gnoll hits you but does no damage. x2; The gnoll hits you with a +0 whip.
The gnoll sergeant hits you with a +0 trident.
Items here: (( ))))) ? †.
You slash the gnoll sergeant! You burn the gnoll sergeant.
The gnoll sergeant is heavily wounded.
You slash the gnoll! You burn the gnoll.
You kill the gnoll!
The gnoll hits you from afar with a +1 halberd of protection!
The gnoll hits you from afar with a +0 halberd.
The gnoll sergeant barely misses you.
You barely miss the gnoll sergeant.
The gnoll sergeant is heavily wounded.
You hit the gnoll. You burn the gnoll. The gnoll hits you but does no damage.
You block the gnoll's attack. The gnoll hits you but does no damage.
The gnoll sergeant hits you with a +0 trident.
You slash the gnoll sergeant! You burn the gnoll sergeant.
The gnoll sergeant is severely wounded.
You hit the gnoll. You burn the gnoll.
The gnoll hits you from afar with a +0 halberd.
* * * LOW HITPOINT WARNING * * *
The gnoll hits you but does no damage.
The gnoll sergeant hits you but does no damage.
The gnoll hits you but does no damage.
You hit the gnoll sergeant. You burn the gnoll sergeant.
You kill the gnoll sergeant!
You slash the gnoll! You burn the gnoll.
You kill the gnoll!
The gnoll hits you from afar with a +1 halberd of protection.
* * * LOW HITPOINT WARNING * * *
The gnoll hits you from afar with a +0 halberd.
* * * LOW HITPOINT WARNING * * *
Found 2 poisoned darts.
The gnoll closely misses you.
You slash the gnoll! You burn the gnoll.
The gnoll is almost dead.
The gnoll hits you from afar with a +0 halberd!
You die...

#######........##.#........... ..
......##..#..........)......# ...
#.#.#.#.......##.##..)......#..#
.............##...##...........#
##'##.#......#.#...#.....[....#
#...#..........#.#)).....<...##
'...'.#......#...#g#.........#
#...#........##.g.##.....c.......
##'##.#.......##@##...........#..
..†.†........................## .
#.#.#.#..............###.......
######.................##.......
##............#.#.....#.....#.
#.............#....#(.
###...)............## .
##....##.........#..#
#.........###.#....#..


You could see 2 gnolls.

Vanquished Creatures
  Grinder (D:3)
  A black bear (D:4)
  3 ogres
  A centaur (D:5)
  A phantom (D:4)
  A kobold brigand (D:5)
  A gnoll sergeant (D:5)
  A necrophage (D:4)
  A scorpion (D:5)
  A howler monkey (D:4)
  2 hounds (D:5)
  An orc priest (D:3)
  3 iguanas
  2 orc wizards
  Terence (D:3)
  6 gnolls
  5 adders
  A shadow imp (D:5)
  An ufetubus (D:5)
  6 worms
  13 orcs
  11 endoplasms
  4 giant cockroaches
  12 goblins
  6 hobgoblins
  2 jackals (D:1)
  2 quokkas
  6 ball pythons
  A bat (D:2)
  5 frilled lizards (D:1)
  13 kobolds
  6 rats
121 creatures vanquished.

Vanquished Creatures (others)
  A scorpion (D:4)
1 creature vanquished.

Grand Total: 122 creatures vanquished

Notes
Turn   | Place    | Note
-------+----------+-------------------------------------------
     0 | D:1      | quokkamancerX the Hill Orc Fighter began the quest for the
                  | Orb.
     0 | D:1      | Reached XP level 1. HP: 19/19 MP: 1/1
    48 | D:1      | Reached skill level 3 in Axes
   228 | D:1      | Reached XP level 2. HP: 23/26 MP: 2/2
   403 | D:1      | Reached skill level 4 in Axes
   666 | D:1      | Reached XP level 3. HP: 30/31 MP: 3/3
  1080 | D:2      | Reached skill level 5 in Axes
  1905 | D:2      | Found a faded altar of an unknown god.
  2053 | D:2      | Reached XP level 4. HP: 39/39 MP: 4/4
  2249 | D:3      | Noticed Terence
  2258 | D:3      | Killed Terence
  2259 | D:3      | Reached skill level 6 in Axes
  2553 | D:3      | Reached XP level 5. HP: 14/45 MP: 5/5
  2628 | D:3      | Noticed Grinder
  2632 | D:3      | Paralysed by Grinder for 4 turns
  3453 | D:3      | Paralysed by Grinder for 4 turns
  3670 | D:3      | Paralysed by Grinder for 5 turns
  3905 | D:3      | Killed Grinder
  3906 | D:3      | Reached skill level 8 in Axes
  3906 | D:3      | Reached XP level 6. HP: 37/51 MP: 6/6
  4090 | D:3      | Reached skill level 9 in Axes
  4304 | D:3      | Reached XP level 7. HP: 43/57 MP: 7/7
  4575 | D:3      | Found a glowing golden altar of the Shining One.
  4582 | D:3      | Became a worshipper of the Shining One
  5050 | D:4      | Reached skill level 10 in Axes
  5308 | D:4      | Found a shimmering altar of Xom.
  5319 | D:4      | Reached skill level 11 in Axes
  5331 | D:4      | Reached XP level 8. HP: 43/64 MP: 8/8
  5341 | D:4      | Reached skill level 12 in Axes
  5754 | D:4      | Found a snail-covered altar of Cheibriados.
  5939 | D:5      | Entered Level 5 of the Dungeon
  6111 | D:5      | Reached * piety under the Shining One
  6174 | D:5      | Reached skill level 13 in Axes
  6193 | D:5      | Slain by a gnoll

Illustrated notes

Levels and vault maps discovered:
D:1:      co_arrival_random_square_maze, layout_basic, minmay_hedge_maze
D:2:      layout_loops_corners, hellmonk_ecumenical_altar_prayer_group,
          minmay_misc_feat_rows, minmay_cut_off
D:3:      layout_basic, tso_altar, minmay_misc_feat_hallway,
          minmay_misc_feat_plants, minivault_4, uniq_terence, uniq_grinder
D:4:      layout_rooms, xom_confusion_cloud, cheibrodos_worm_habitat,
          serial_glass, glass_columns_c, glass_columns_b, kennysheep_crisscross,
          glass_columns_c
D:5:      layout_cave_pools, amcnicky_mini_corridor_feature,
          minmay_misc_feat_doors, minmay_manual_mares, uniq_sigmund

Skill      XL: |  1  2  3  4  5  6  7  8 |
---------------+-------------------------+-----
Axes           | 3 4 5 6 8 9 11 13 | 13.7
Fighting       | |  3.6
Armour         | |  3.2
Shields        | |  3.2

Action                   |  1- 3 |  4- 6 |  7- 9 || total
-------------------------+-------+-------+-------++-------
Melee: War axe           |   108 |    94 |   166 ||   368
Throw: Javelin           |       |     6 |     2 ||     8
  Use: Potion            |       |     1 |     2 ||     3
       Scroll            |       |       |     6 ||     6
Armor: Chain mail        |    48 |    41 |    88 ||   177
       Scale mail        |     3 |       |       ||     3
Dodge: Dodged            |    23 |    34 |    49 ||   106
Block: Buckler           |    18 |    10 |    31 ||    59

Table legend: (Time is in decaauts)
 A = Elapsed time spent in this place.
 B = Non-inter-level travel time spent in this place.
 C = Inter-level travel time spent in this place.
 D = Time resting spent in this place.
 E = Time spent auto-exploring this place.
 F = Levels seen in this place.
 G = Mean time per level.
                   A        B        C        D        E       F      G
               +--------+--------+--------+--------+--------+-----+--------+
         Total |   6265 |   6135 |    130 |   2345 |   1784 |   5 | 1253.0 |
       Dungeon |   6265 |   6135 |    130 |   2345 |   1784 |   5 | 1253.0 |
               +--------+--------+--------+--------+--------+-----+--------+

Top non-repeatable levels by time:
     D:2: 2441 daAuts
     D:3: 1672 daAuts
     D:4: 987 daAuts
     D:1: 965 daAuts
     D:5: 199 daAuts
